 Dungeon Crawl Stone Soup version 0.25.0-46-gbd7b0854d2 (webtiles) character file.

Game seed: 8983821288957961546

9131 protoss039 the Thaumaturge (level 11, -5/57 HPs)
             Began as a Deep Elf Earth Elementalist on July 15, 2020.
             Was an Elder of Sif Muna.
             Splashed by Urug's acid (15 damage)
             ... on level 10 of the Dungeon.
             The game lasted 00:53:27 (14077 turns).

protoss039 the Thaumaturge (DEEE)                  Turns: 14077, Time: 00:53:30

Health: -5/57      AC: 12    Str:  5    XL:     11   Next: 19%
Magic:  30/30      EV: 12    Int: 24    God:    Sif Muna [****..]
Gold:   554        SH:  0    Dex: 15    Spells: 17/37 levels left

rFire    . . .     SeeInvis .   I - +4 dagger (vamp)
rCold    . . .     Gourm    .   (no shield)
rNeg     . . .     Faith    .   L - +0 troll leather armour
rPois    +         Spirit   .   o - +0 helmet
rElec    .         Reflect  .   K - +1 cloak {rPois}
rCorr    .         Harm     .   m - +0 pair of gloves
MR       +....                  (no boots)
Stlth    +++.......             (no amulet)
HPRegen  0.59/turn              g - ring of stealth
MPRegen  0.22/turn              u - +4 ring of protection

@: no status effects
A: no striking features
a: Channel Magic, Forget Spell, Divine Exegesis, Renounce Religion


You were on level 10 of the Dungeon.
You worshipped Sif Muna.
Sif Muna was greatly pleased with you.
You were hungry.

You visited 1 branch of the dungeon, and saw 10 of its levels.
You also visited: Ossuary.

You collected 554 gold pieces.

Inventory:

Hand Weapons
 D - a cursed +5 hand axe
 I - a +4 vampiric dagger (weapon)
Missiles
 b - 71 stones (quivered)
Armour
 m - a +0 pair of gloves (worn)
 o - a +0 helmet (worn)
 H - a +0 cloak
 K - a +1 cloak of poison resistance (worn)
 L - a +0 troll leather armour (worn)
Jewellery
 g - a ring of stealth (left hand)
 u - a +4 ring of protection (right hand)
Wands
 E - a wand of digging (7)
 G - a wand of flame (12)
Scrolls
 f - a scroll of amnesia
 i - 4 scrolls of magic mapping
 l - 3 scrolls of enchant weapon
 n - 3 scrolls of teleportation
 q - 4 scrolls of remove curse
 y - 2 scrolls of fear
 A - 2 scrolls of immolation
 C - 2 scrolls of enchant armour
Potions
 a - 3 potions of heal wounds {unknown}
 c - a potion of ambrosia {unknown}
 e - 5 potions of stabbing
 h - a potion of resistance
 j - a potion of berserk rage
 p - a potion of might
 r - 2 potions of mutation {unknown}
 s - 3 potions of brilliance {unknown}
 t - 4 potions of flight {unknown}
 w - 2 potions of magic {unknown}
 x - 2 potions of haste {unknown}
 z - 4 potions of lignification {unknown}
 B - 2 potions of degeneration {unknown}
 F - 2 potions of curing {unknown}
Comestibles
 d - 17 rations


   Skills:
 - Level 2.0 Fighting
 - Level 0.3 Short Blades
 * Level 2.3 Armour
 - Level 3.0 Dodging
 - Level 3.0 Stealth
 + Level 13.6 Spellcasting
 + Level 6.4 Conjurations
 - Level 2.0 Hexes
 - Level 2.0 Transmutations
 - Level 2.0 Air Magic
 - Level 10.0 Earth Magic
 - Level 2.0 Poison Magic
 * Level 7.5 Invocations


You had 17 spell levels left.
You knew the following spells:

 Your Spells              Type           Power        Failure   Level  Hunger
a - Sandblast             Erth           ######       1%          1    None
b - Passwall              Tmut/Erth      #####...     1%          2    None
c - Stone Arrow           Conj/Erth      ######       1%          3    None
d - Petrify               Tmut/Erth      #####...     4%          4    None
e - Lee's Rapid Deconstr  Erth           ######....   2%          5    ###....
f - Slow                  Hex            ####....     4%          2    None
g - Mephitic Cloud        Conj/Pois/Air  ####....     4%          3    None

Your spell library contained the following spells:

 Spells                   Type           Power        Failure   Level  Hunger
 Magic Dart               Conj           ####         1%          1    None
 Conjure Flame            Conj/Fire      ####....     4%          3    None
 Confusing Touch          Hex            ####....     8%          3    None
 Blink                    Tloc           N/A          9%          2    None
 Call Imp                 Summ           ###.....     9%          2    None
 Gell's Gravitas          Tloc           ###.......   19%         3    None
 Yara's Violent Unravell  Hex/Tmut       ####......   58%         5    ###....
 Metabolic Englaciation   Hex/Ice        ###.......   73%         5    ###....


Dungeon Overview and Level Annotations

Branches:
Dungeon (10/15)            Temple (0/1) D:7            Lair (0/6) D:8
Ossuary (visited)
    Orc: D:9-12

Altars:
Gozag
Hepliaklqana
Sif Muna
Uskayaw
Xom
The Shining One

Annotations:
D:8 Gastronok
D:10 Joseph, Urug


Message History

You climb downwards.
Urug and Joseph come into view.
Urug is wielding a +7 halberd, wearing a +1 ring mail of fire resistance and carrying a wand of acid (8).
The orc warrior shouts!
Urug shouts!
Joseph unwields a +0 quarterstaff.
Joseph wields a +0 hunting sling.
Joseph shoots a sling bullet.
The sling bullet hits you! The orc warrior barely misses you.
Urug zaps a wand.
The bolt of acid hits the orc!
The orc is splashed with acid!
The acid corrodes the orc!
The orc dies!
The bolt of acid hits you.
You are splashed with acid!
There is a stone staircase leading up here.
Unknown command.
Magic restored.
Joseph shoots a sling bullet.
The sling bullet hits you but does no damage.
The orc warrior hits you from afar with a +0 glaive.
Urug zaps a wand.
The bolt of acid hits you!
* * * LOW HITPOINT WARNING * * *
You are splashed with acid!
You die...

y.<........
(..#............
..........$
#.............
....##.....
...........#
.#............
#o...)..#
.##..#........
#[..%..#
..............
##o...##
..............
#(.o##
..##.....W....
###).##
#....).....# #@...#
#.........##....o.#
#<.O...##.......#
###...###..........
................
..##...........
...............
.......@:.... .


You could see Urug, Joseph and an orc warrior.

Vanquished Creatures
  Josephine (D:9)
  A two-headed ogre (D:8)
  Pikel (D:9)
  Maurice (D:8)
  2 trolls (D:9)
  2 hippogriffs
  Sigmund (D:4)
  4 wraiths
  2 wyverns (D:9)
  A hungry ghost (D:8)
  Grum (D:8)
  4 phantoms
  2 ice beasts
  A black bear (D:7)
  A sky beast (D:10)
  A slave (D:9)
  2 ogres (D:6)
  A centaur (D:8)
  4 wolves (D:8)
  A crocodile (D:9)
  7 bullfrogs
  3 big kobolds
  3 wyvern zombies
  3 scorpions
  4 killer bees
  A water moccasin skeleton (D:10)
  9 wights
  6 howler monkeys
  6 crimson imps
  2 centaur zombies
  A bullfrog zombie (D:7)
  6 hounds
  3 human zombies (Ossuary)
  3 orc priests (D:6)
  2 centaur skeletons
  2 bullfrog skeletons
  8 orc wizards
  5 iguanas
  5 worker ants
  4 big kobold zombies (Ossuary)
  2 hound zombies (Ossuary)
  3 mummies (Ossuary)
  A hound skeleton (D:6)
  8 gnolls (D:8)
  10 adders
  A howler monkey skeleton (D:2)
  A shadow imp (D:9)
  4 oozes
  5 adder zombies
  3 adder skeletons
  3 worms
  4 leopard geckos
  25 orcs
  4 ball pythons
  5 bats
  3 bat skeletons (D:2)
  2 giant cockroaches
  A gnoll zombie (Ossuary)
  5 goblins
  4 hobgoblins
  16 kobolds
  2 quokkas
  A ball python skeleton (D:4)
  A ball python zombie (D:5)
  5 frilled lizards
  A giant cockroach zombie (D:2)
  2 goblin zombies (Ossuary)
  5 hobgoblin zombies (Ossuary)
  4 jackal zombies
  3 kobold zombies (Ossuary)
  A leopard gecko zombie (D:2)
  An orc zombie (Ossuary)
  2 quokka skeletons
  4 quokka zombies
  9 rats
  3 rat zombies (Ossuary)
271 creatures vanquished.

Vanquished Creatures (others)
  An orc (D:10)
1 creature vanquished.

Grand Total: 272 creatures vanquished

Notes
Turn   | Place    | Note
-------+----------+-------------------------------------------
     0 | D:1      | protoss039 the Deep Elf Earth Elementalist began the quest
                  | for the Orb.
     0 | D:1      | Reached XP level 1. HP: 10/10 MP: 6/6
   258 | D:1      | Reached XP level 2. HP: 14/15 MP: 6/8
  1518 | D:2      | Reached XP level 3. HP: 19/19 MP: 6/9
  1697 | D:2      | Reached skill level 4 in Spellcasting
  1893 | D:2      | Reached XP level 4. HP: 13/24 MP: 8/12
  2741 | D:3      | Noticed a phantom
  2754 | D:3      | Killed a phantom
  2754 | D:3      | Reached skill level 5 in Spellcasting
  2754 | D:3      | Reached XP level 5. HP: 24/28 MP: 6/14
  2843 | D:3      | Found an opulent altar of Gozag.
  2852 | D:3      | Reached skill level 1 in Fighting
  2859 | D:3      | Reached skill level 5 in Earth Magic
  3287 | D:3      | Learned a level 2 spell: Passwall
  3291 | D:3      | Learned a level 3 spell: Stone Arrow
  3296 | D:3      | Learned a level 4 spell: Petrify
  3302 | D:3      | Learned a level 5 spell: Lee's Rapid Deconstruction
  3677 | D:3      | Reached XP level 6. HP: 25/34 MP: 5/16
  3763 | D:3      | Found a shimmering blue altar of Sif Muna.
  3863 | D:3      | Became a worshipper of Sif Muna the Loreminder
  4022 | D:4      | Reached skill level 6 in Spellcasting
  4243 | D:4      | Reached skill level 1 in Invocations
  4469 | D:4      | Noticed Sigmund
  4469 | D:4      | Found a shimmering altar of Xom.
  4470 | D:4      | Found a shimmering altar of Xom.
  4470 | D:4      | Found a shimmering altar of Xom.
  4512 | D:4      | Found a glowing golden altar of the Shining One.
  4581 | D:4      | Found a shimmering altar of Xom.
  4591 | D:4      | Killed Sigmund
  4591 | D:4      | Reached XP level 7. HP: 38/38 MP: 2/19
  4750 | D:4      | Learned a level 2 spell: Slow
  4774 | D:5      | Entered Level 5 of the Dungeon
  4834 | D:5      | Found a hide-covered altar of Uskayaw.
  4860 | D:5      | Reached skill level 7 in Spellcasting
  4860 | D:5      | Reached skill level 1 in Conjurations
  5688 | D:5      | Reached * piety under Sif Muna
  6285 | D:6      | Reached skill level 8 in Spellcasting
  6285 | D:6      | Reached XP level 8. HP: 44/44 MP: 8/22
  7275 | D:6      | Reached skill level 9 in Spellcasting
  7531 | D:7      | Learned a level 3 spell: Mephitic Cloud
  7633 | D:7      | Reached skill level 1 in Hexes
  7650 | D:7      | Reached skill level 1 in Poison Magic
  7667 | D:7      | Reached skill level 1 in Air Magic
  7847 | D:7      | Found a staircase to the Ecumenical Temple.
  7975 | D:7      | Reached XP level 9. HP: 48/48 MP: 14/24
  8180 | D:7      | Reached ** piety under Sif Muna
  8180 | D:7      | Reached skill level 10 in Spellcasting
  9130 | D:8      | Noticed Gastronok
  9211 | D:8      | Reached skill level 5 in Invocations
  9300 | D:8      | You fall into a shaft and drop 1 floor!
  9301 | D:9      | Noticed a troll
  9311 | D:9      | Noticed a troll
  9316 | D:8      | Found a sand-covered staircase.
  9321 | D:8      | Noticed Grum
  9328 | D:8      | Killed Grum
  9343 | D:8      | Reached skill level 11 in Spellcasting
  9469 | Ossuary  | Entered an ossuary
  9914 | Ossuary  | Reached *** piety under Sif Muna
 10607 | D:8      | Reached XP level 10. HP: 53/53 MP: 11/27
 10827 | D:8      | Found a staircase to the Lair.
 10834 | D:8      | Reached skill level 5 in Conjurations
 10994 | D:8      | Noticed a two-headed ogre
 11014 | D:8      | Killed a two-headed ogre
 11292 | D:8      | Reached **** piety under Sif Muna
 11323 | D:8      | Noticed Maurice
 11633 | D:8      | Killed Maurice
 11633 | D:8      | Reached skill level 12 in Spellcasting
 12195 | D:9      | Found a hazy altar of Hepliaklqana.
 12405 | D:9      | Found a hide-covered altar of Uskayaw.
 12630 | D:9      | Noticed Pikel
 12636 | D:9      | Killed Pikel
 12636 | D:9      | Reached skill level 10 in Earth Magic
 12789 | D:9      | Reached skill level 1 in Armour
 13396 | D:10     | Entered Level 10 of the Dungeon
 13407 | D:10     | Reached skill level 13 in Spellcasting
 13754 | D:10     | Reached XP level 11. HP: 57/57 MP: 19/30
 13754 | D:10     | Noticed Josephine
 13764 | D:9      | Killed Josephine
 14076 | D:10     | Noticed Urug
 14076 | D:10     | Noticed Joseph
 14077 | D:10     | Splashed by Urug's acid

Illustrated notes

Levels and vault maps discovered:
D:1:      nagdon_arrival_double_spiral, layout_basic, st_stairs_11
D:2:      layout_loops_cross, serial_undead, serial_undead_e, serial_undead_c,
          serial_undead_d, serial_undead_a, serial_undead_e, serial_undead_a,
          serial_undead_b, serial_undead_c
D:3:      layout_loops_ring, tgw_sif, nicolae_gozag_seed_capital
D:4:      layout_gridville, nicolae_tso_carved_into_rock, first_ration,
          xom_redecorated, uniq_sigmund
D:5:      layout_gridville, basic_altar
D:6:      layout_loops_corners, minmay_misc_feat_chi,
          kennysheep_decorative_pillar, solitary_fountain,
          minmay_splitting_lines
D:7:      minmay_recursive_quarters, layout_loops_ring, temple_fountains
D:8:      layout_loops_ring, lair_entry_dummy, nicolae_ossuary_entry_ruins,
          serial_glass, glass_columns_a, glass_columns_a, uniq_grum,
          uniq_maurice, uniq_gastronok
D:9:      layout_stronghold, eat_drink_and_be_merry_uskayaw,
          kennysheep_mini_moat, uniq_pikel
D:10:     layout_cave_pools, uniq_urug, uniq_joseph, uniq_maggie, uniq_josephine

Skill      XL: |  1  2  3  4  5  6  7  8  9 10 11 |
---------------+----------------------------------+-----
Stealth        | 3 |  3.0
Dodging        | 3 |  3.0
Earth Magic    | 4 5 6 7 9 10 | 10.0
Spellcasting   | 4 5 6 8 9 11 13 | 13.6
Fighting       | 1 2 |  2.0
Invocations    | 1 3 4 5 7 |  7.5
Conjurations   | 2 3 4 6 |  6.4
Hexes          | 1 2 |  2.0
Poison Magic   | 1 2 |  2.0
Air Magic      | 1 2 |  2.0
Transmutations | 2 |  2.0
Armour         | 1 2 |  2.3
Short Blades   | |  0.3

Action                   |  1- 3 |  4- 6 |  7- 9 | 10-12 || total
-------------------------+-------+-------+-------+-------++-------
Melee: Unarmed           |    21 |       |       |       ||    21
       Hand axe          |    14 |       |       |       ||    14
       Short sword       |    16 |   155 |    10 |       ||   181
       Dagger            |       |       |       |     4 ||     4
 Cast: Sandblast         |    28 |    31 |    52 |    30 ||   141
       Stone Arrow       |       |    20 |   183 |    83 ||   286
       Lee's Rapid Decon |       |       |     8 |    26 ||    34
       Mephitic Cloud    |       |       |     2 |     3 ||     5
       Slow              |       |       |       |     1 ||     1
  Use: Scroll            |       |       |     7 |     7 ||    14
 Stab: Sleeping          |     4 |     6 |     6 |       ||    16
       Distracted        |       |       |       |     1 ||     1
  Eat: Chunk             |     2 |    10 |    17 |     8 ||    37
       Ration            |       |       |     1 |     1 ||     2
Armor: Robe              |    15 |    91 |    12 |    14 ||   132
       Troll leather arm |       |       |       |    21 ||    21
Dodge: Dodged            |    64 |   167 |    60 |    46 ||   337
